 Dungeon Crawl Stone Soup version 0.30-a0-55-g90e3122c3a (webtiles) character file.

Game seed: 5258820944510353122

8045 Decritt the Fighter (level 11, -1/74 HPs)
             Began as a Gargoyle Fighter on Sept 9, 2022.
             Was a Follower of Ru.
             Slain by a death yak (15 damage)
             ... on level 1 of the Lair of Beasts.
             The game lasted 00:26:15 (13699 turns).

Decritt the Fighter (Gargoyle Fighter)             Turns: 13699, Time: 00:26:16

Health: -1/74      AC: 27    Str: 25    XL:     11   Next: 24%
Magic:  11/11      EV:  9    Int:  9    God:    Ru [*.....]
Gold:   322        SH:  5    Dex: 11    Spells: 10/10 levels left

rFire   . . .      SeeInvis .    z - +4 war axe
rCold   . . .      Faith    .    c - +0 buckler
rNeg    + . .      Spirit   .    i - +0 chain mail
rPois   ∞          Reflect  .    l - +1 helmet
rElec   +          Harm     .    e - +0 cloak
rCorr   .          Rampage  .    o - +2 pair of gloves {Str+3}
Will    .....                    (no boots)
Stlth   ..........               v - amulet of the acrobat
HPRegen 0.22/turn                (no ring)
MPRegen 0.12/turn                (no ring)

@: hasted, very quick
A: sickness immunity, AC +8, negative energy resistance 1, electricity
resistance, torment resistance 1, petrification resistance, no stealth,
disrupted magic 1
a: Renounce Religion


You were on level 1 of the Lair of Beasts.
You worshipped Ru.
Ru was aware of your devotion.
You visited 3 branches of the dungeon, and saw 11 of its levels.
You also visited: Bailey and Volcano.

You collected 613 gold pieces.
You spent 291 gold pieces at shops.

Inventory:

Hand Weapons
 b - a +6 spear of freezing
 f - a +1 mace of freezing
 z - a +4 war axe (weapon)
Missiles
 a - 4 boomerangs (quivered)
 n - 2 throwing nets
Armour
 c - a +0 buckler (worn)
 e - a +0 cloak (worn)
 i - a +0 chain mail (worn)
 l - a +1 helmet (worn)
 o - a +2 pair of gloves of strength (worn)
Jewellery
 v - an amulet of the acrobat (around neck)
Wands
 d - a wand of flame (15)
 g - a wand of charming (11)
 A - a wand of acid (5)
Scrolls
 k - 8 scrolls of teleportation
 m - 3 scrolls of enchant armour
 p - a scroll of fear
 r - a scroll of brand weapon
 t - a scroll of silence
 y - 2 scrolls of blinking
 B - a scroll of poison
Potions
 h - 3 potions of resistance
 j - 3 potions of mutation
 q - 2 potions of magic {unknown}
 s - 2 potions of flight
 u - 2 potions of cancellation
 x - 2 potions of attraction {unknown}


   Skills:
 + Level 11.3 Fighting
 * Level 8.6 Maces & Flails
 + Level 10.1 Armour
 - Level 4.0 Dodging
 - Level 6.4 Shields


You had 10 spell levels left.
You didn't know any spells.
Your spell library contained the following spells:

 Spells                   Type           Power      Damage    Failure   Level
 Summon Small Mammal      Summ           0%         N/A       97%         1
 Static Discharge         Conj/Air       0%         3-3/arc   99%         2
 Call Canine Familiar     Summ           0%         N/A       100%        3
 Ignite Poison            Fire/Tmut/Pois 0%         N/A       100%        3
 Mephitic Cloud           Conj/Pois/Air  0%         N/A       100%        3
 Summon Guardian Golem    Hex/Summ       0%         N/A       100%        3
 Blade Hands              Tmut           0%         N/A       100%        5
 Freezing Cloud           Conj/Ice/Air   0%         6-21      100%        5
 Irradiate                Conj/Tmut      0%         3d11      100%        5
 Lightning Bolt           Conj/Air       0%         1d11      100%        5
 Dragon Form              Tmut           0%         N/A       100%        7
 Maxwell's Capacitive Co  Air            0%         ∞         100%        8


Dungeon Overview and Level Annotations

Branches:
Dungeon (9/15)             Temple (1/1) D:5            Lair (1/5) D:9
 Bailey (visited)         Volcano (visited)
    Orc: D:9-12

Altars:
Ashenzari
Cheibriados
Dithmenos
Elyvilon
Fedhas
Gozag
Hepliaklqana
Kikubaaqudgha
Makhleb
Nemelex Xobeh
Okawaru
Qazlal
Ru
Sif Muna
Trog
Uskayaw
Vehumet
Wu Jian
Xom
Yredelemnul
Zin
The Shining One

Shops:
D:2 *   D:4 [

Annotations:
D:5 3 runed translucent doors, Destapler's ghost, novice BaAM


Innate Abilities, Weirdness & Mutations

You are immune to sickness and miasma.
Your stone body is resilient. (AC +8)
You are immune to poison.
You resist negative energy. (rN+)
You are resistant to electric shocks. (rElec)
You are resistant to unholy torment.
You are immune to petrification.
You cannot be stealthy.
Your casting is slightly disrupted.


Message History

The death yak is lightly wounded.
The death yak completely misses you. You block the death yak's attack.
You hit the death yak.
The death yak is moderately wounded.
The death yak gores you but does no damage.
You hit the death yak.
The death yak is moderately wounded.
The death yak gores you!!
You barely miss the death yak.
The death yak is moderately wounded.
The death yak gores you but does no damage.
You hit the death yak but do no damage.
The death yak is moderately wounded.
The death yak is stunned by your conviction and fails to attack.
The death yak gores you but does no damage.
You hit the death yak.
The death yak is moderately wounded.
The death yak gores you!
You hit the death yak but do no damage.
The death yak is moderately wounded.
The death yak gores you but does no damage.
You slash the death yak!
The death yak is heavily wounded.
The death yak barely misses you. The death yak gores you.
* * * LOW HITPOINT WARNING * * *
You slice the death yak!!
The death yak is severely wounded.
You block the death yak's attack.
A cane toad comes into view.
The cane toad croaks.
You slash the death yak!
The death yak is almost dead.
The death yak gores you!
* * * LOW HITPOINT WARNING * * *
You feel yourself speed up. The death yak gores you!
* * * LOW HITPOINT WARNING * * *
You barely miss the death yak.
The death yak is severely wounded.
The death yak gores you!
You die...

### ##.# ..# ###
###.# ##.###.#.##
#.÷..#..#.## ######
##.....###.####....#
###...###..@YY...##
##....#.######.##
##...F## #...#
#...########.##
#...###.#.#..#.#
#.P.....<......#
#.#.....#.##Y#..
#.#....#....Y#..
#...............##


You could see 2 death yaks and a cane toad.

Vanquished Creatures
  2 two-headed ogres
  A black mamba (Lair:1)
  A cane toad (Lair:1)
  A troll (D:8)
  5 hornets
  A shadow (D:9)
  A wyvern (D:7)
  2 fire elementals
  An acid dragon (D:9)
  3 water moccasins
  A hell hound (Lair:1)
  2 ice beasts (D:5)
  A black bear (D:4)
  8 orc warriors
  2 wolves (D:9)
  3 centaurs
  A phantom (D:5)
  A kobold brigand (D:7)
  3 bullfrogs
  A gnoll sergeant (D:9)
  3 necrophages
  2 scorpions (D:4)
  12 wights
  3 howler monkeys (D:9)
  3 electric eels (D:9)
  2 orc priests (D:8)
  8 hounds
  A jelly (D:7)
  Jessica (D:2)
  A gnoll bouda (D:5)
  Terence (D:3)
  4 iguanas
  7 orc wizards
  10 gnolls
  7 adders
  A white imp (D:6)
  A worm (D:3)
  40 orcs
  7 bats
  4 endoplasms
  7 giant cockroaches
  17 goblins
  16 hobgoblins
  4 jackals (D:1)
  2 quokkas
  2 ball pythons (D:2)
  5 frilled lizards
  11 kobolds
  5 rats
228 creatures vanquished.

Vanquished Creatures (others)
  A gnoll (D:9)
  5 fungi (Lair:1)
  A plant (Lair:1)
7 creatures vanquished.

Grand Total: 235 creatures vanquished

Notes
Turn   | Place    | Note
-------+----------+-------------------------------------------
     0 | D:1      | Decritt the Gargoyle Fighter began the quest for the Orb.
     0 | D:1      | Reached XP level 1. HP: 14/14 MP: 1/1
   252 | D:1      | Reached XP level 2. HP: 19/19 MP: 2/2
   852 | D:1      | Reached XP level 3. HP: 24/24 MP: 3/3
  1276 | D:2      | Reached skill level 4 in Fighting
  1521 | D:2      | Noticed Jessica
  1526 | D:2      | Killed Jessica
  1527 | D:2      | Reached XP level 4. HP: 29/29 MP: 4/4
  1557 | D:2      | Found a faded altar of an unknown god.
  1703 | D:2      | You fall into a shaft and drop 2 floors!
  1722 | D:4      | Noticed a scorpion
  1727 | D:4      | Noticed a black bear
  1746 | D:4      | Noticed a scorpion
  1755 | D:4      | Killed a scorpion
  1756 | D:4      | Reached XP level 5. HP: 14/34 MP: 5/5
  2055 | D:4      | Reached skill level 5 in Fighting
  2221 | D:4      | Killed a black bear
  2222 | D:4      | Reached XP level 6. HP: 14/40 MP: 6/6
  2619 | D:3      | Noticed Terence
  2633 | D:3      | Killed Terence
  2895 | D:2      | Found Pumi's General Store.
  2921 | D:2      | Bought a potion of heal wounds for 55 gold pieces
  3211 | D:3      | Found a shadowy altar of Dithmenos.
  4078 | D:4      | Found Ceitaog's Antique Armour Emporium.
  4271 | D:5      | Entered Level 5 of the Dungeon
  4271 | D:5      | Noticed a water moccasin
  4286 | D:5      | Killed a water moccasin
  4287 | D:5      | Reached skill level 6 in Fighting
  4287 | D:5      | Reached XP level 7. HP: 42/46 MP: 7/7
  4304 | D:5      | Reached skill level 5 in Armour
  4304 | D:5      | Reached skill level 5 in Shields
  4330 | D:5      | Found a runed translucent gate.
  4331 | D:5      | Found a runed translucent gate.
  4332 | D:5      | Found a runed translucent gate.
  4344 | D:5      | Noticed Destapler's ghost (novice BaAM)
  4555 | D:5      | Found a staircase to the Ecumenical Temple.
  4562 | Temple   | Entered the Ecumenical Temple
  4785 | Temple   | Became a worshipper of Ru the Awakened
  5071 | D:5      | Reached XP level 8. HP: 18/52 MP: 8/8
  5370 | D:5      | Found a stormy altar of Qazlal.
  5622 | D:2      | Bought a +2 pair of gloves of strength for 236 gold pieces
  5859 | D:5      | Reached skill level 7 in Fighting
  7123 | D:6      | Gained mutation: You cannot be stealthy. [Ru sacrifice]
  7708 | D:7      | Noticed a wyvern
  7722 | D:7      | Killed a wyvern
  7723 | D:7      | Reached skill level 8 in Fighting
  7723 | D:7      | Reached skill level 5 in Maces & Flails
  7959 | D:7      | Found a flagged portal.
  7998 | Bailey   | Entered a bailey
  8094 | Bailey   | Reached XP level 9. HP: 8/60 MP: 9/9
  8682 | Bailey   | Noticed an orc warlord
  8956 | D:7      | Found a burning altar of Makhleb.
  8956 | D:7      | Found an opulent altar of Gozag.
  8956 | D:7      | Found a white marble altar of Elyvilon.
  8956 | D:7      | Found a radiant altar of Vehumet.
  8976 | D:7      | Reached skill level 1 in Dodging
  9004 | D:7      | Found an ornate altar of the Wu Jian Council.
  9009 | D:7      | Found a hide-covered altar of Uskayaw.
  9228 | D:7      | Reached skill level 9 in Fighting
  9232 | D:7      | Noticed a hornet
  9240 | D:7      | Killed a hornet
 10444 | D:8      | Noticed a hornet
 10458 | D:8      | Killed a hornet
 10459 | D:8      | Reached skill level 10 in Fighting
 10459 | D:8      | Reached XP level 10. HP: 52/68 MP: 10/10
 11137 | D:9      | Noticed a two-headed ogre
 11149 | D:7      | Killed a two-headed ogre
 11683 | D:8      | Gained mutation: Your casting is slightly disrupted. [Ru
                  | sacrifice]
 11683 | D:8      | Reached * piety under Ru
 12101 | D:9      | Noticed a two-headed ogre
 12131 | D:9      | Killed a two-headed ogre
 12638 | D:9      | Reached skill level 11 in Fighting
 12643 | D:9      | Reached XP level 11. HP: 64/74 MP: 11/11
 12797 | D:9      | Found a staircase to the Lair.
 13141 | Lair:1   | Entered Level 1 of the Lair of Beasts
 13168 | Lair:1   | Reached skill level 10 in Armour
 13290 | Lair:1   | Found a dark tunnel.
 13299 | Volcano  | Entered a volcano
 13675 | Lair:1   | Noticed a death yak
 13675 | Lair:1   | Noticed a death yak
 13699 | Lair:1   | Slain by a death yak

Illustrated notes

Levels and vault maps discovered:
D:1:      minmay_arrival_pointy, layout_loops_ring
D:2:      layout_rooms, shapermc_ecumenical_altar_gd, serial_shops, shop,
          uniq_jessica
D:3:      layout_basic, mainiacjoe_overflow_boulevard, minmay_between,
          uniq_terence
D:4:      layout_loops_ring, serial_shops, kennysheep_mini_moat
D:5:      layout_layer_cave, mainiacjoe_overflow_tiny_flanked,
          minmay_temple_entry_statues_pillars, gammafunk_ghost_split
D:6:      layout_basic, grunt_decor_cap, hangedman_decor_peaks_small
D:7:      layout_layer_cave, minmay_overflow_temple_hex, enter_bailey_5,
          hex_medium
D:8:      layout_basic, grunt_decor_one_mirror
D:9:      layout_roguey, erik_lair_island, grunt_ministairs_6
Temple:   dpeg_chambers_temple
Lair:1:   layout_loops_ring, portal_ice_cave_entry_imps, enter_volcano_2,
          chequers_serial_rivers_large_a, lemuel_fruit_tree, uniq_urug

Skill      XL: |  1  2  3  4  5  6  7  8  9 10 11 |
---------------+----------------------------------+-----
Fighting       | 4 5 6 8 10 11 | 11.3
Armour         | 4 5 6 7 9 10 | 10.1
Shields        | 4 5 6 |  6.4
Maces & Flails | 3 4 5 6 7 8 |  8.6
Dodging        | 2 4 |  4.0

Action                   |  1- 3 |  4- 6 |  7- 9 | 10-12 || total
-------------------------+-------+-------+-------+-------++-------
Melee: Flail             |   115 |       |       |       ||   115
       Mace              |     3 |   200 |   440 |       ||   643
       War axe           |       |       |    12 |   226 ||   238
       Spear             |       |       |     6 |       ||     6
Throw: Boomerang         |       |       |    70 |    35 ||   105
Invok: Sacrifice Stealth |       |       |     1 |       ||     1
       Sacrifice Essence |       |       |       |     1 ||     1
  Use: Scroll            |       |    10 |    13 |     1 ||    24
       Potion            |       |     2 |     5 |     3 ||    10
Armor: Scale mail        |    75 |   127 |   195 |       ||   397
       Chain mail        |       |       |   135 |   192 ||   327
Dodge: Dodged            |    59 |   125 |   252 |   137 ||   573
Block: Buckler           |    25 |    60 |   134 |    71 ||   290

Table legend: (Time is in decaauts)
 A = Elapsed time spent in this place.
 B = Non-inter-level travel time spent in this place.
 C = Inter-level travel time spent in this place.
 D = Time resting spent in this place.
 E = Time spent auto-exploring this place.
 F = Levels seen in this place.
 G = Mean time per level.
                   A        B        C        D        E       F      G
               +--------+--------+--------+--------+--------+-----+--------+
         Total |  13947 |  13495 |    452 |   4094 |   6839 |  13 | 1072.8 |
       Dungeon |  12440 |  12014 |    426 |   3237 |   6538 |   9 | 1382.2 |
        Temple |    231 |    205 |     26 |      0 |    192 |   1 |  231.0 |
          Lair |    452 |    452 |      0 |    316 |     56 |   1 |  452.0 |
        Bailey |    704 |    704 |      0 |    452 |     53 |   1 |  704.0 |
       Volcano |    118 |    118 |      0 |     88 |      0 |   1 |  118.0 |
               +--------+--------+--------+--------+--------+-----+--------+

Top non-repeatable levels by time:
     D:8: 2099 daAuts
     D:5: 2014 daAuts
     D:7: 1532 daAuts
     D:4: 1480 daAuts
     D:9: 1236 daAuts
     D:1: 1193 daAuts
     D:3: 1088 daAuts
     D:6: 1052 daAuts
     D:2: 742 daAuts
  Bailey: 704 daAuts
  Lair:1: 452 daAuts
  Temple: 231 daAuts
 Volcano: 118 daAuts
